 Dungeon Crawl Stone Soup version 0.30-a0-948-g4fa250aae5 (webtiles) character file.

Game seed: 1145386690721046405

42 Demosthentine the Poker (level 3, -4/28 HPs)
             Began as a Demonspawn Gladiator on Mar 27, 2023.
             Killed from afar by a white imp (10 damage)
             ... with a puff of frost
             ... summoned by Natasha
             ... on level 2 of the Dungeon.
             The game lasted 00:01:48 (919 turns).

Demosthentine the Poker (Demonspawn Gladiator)       Turns: 919, Time: 00:01:50

Health: -4/28      AC:  9    Str: 16    XL:     3   Next: 33%
Magic:  3/3        EV: 12    Int:  9    God:
Gold:   23         SH:  0    Dex: 14    Spells: 2/2 levels left

rFire   . . .      SeeInvis .    a - +0 trident
rCold   . . .      Faith    .    (no shield)
rNeg    . . .      Spirit   .    b - +0 leather armour
rPois   .          Reflect  .    c - +0 helmet
rElec   .          Rampage  .    (no cloak)
rCorr   .                        (no gloves)
Will    .....                    (no boots)
Stlth   +                        (no amulet)
HPRegen 0.24/turn                h - +4 ring of protection
MPRegen 0.08/turn                (no ring)

@: no status effects
A: rugged brown scales 1
a: no special abilities


You were on level 2 of the Dungeon.
You visited 1 branch of the dungeon, and saw 2 of its levels.

You collected 23 gold pieces.

Inventory:

Hand Weapons
 a - a +0 trident (weapon)
Missiles
 d - 3 throwing nets (quivered)
 e - a javelin
Armour
 b - a +0 leather armour (worn)
 c - a +0 helmet (worn)
Jewellery
 h - a +4 ring of protection (left hand)
Potions
 g - a potion of brilliance
 j - a potion of resistance {unknown}
 k - a potion of cancellation {unknown}
 m - a potion of curing {unknown}
 n - a potion of heal wounds {unknown}


   Skills:
 + Level 2.5 Fighting
 + Level 3.1 Polearms
 - Level 1.7 Throwing
 + Level 1.1 Armour
 + Level 3.0 Dodging


You had 2 spell levels left.
You didn't know any spells.
Your spell library was empty.

Dungeon Overview and Level Annotations

Branches:
Dungeon (2/15)

Altars:

Annotations:
D:2 Natasha, Sigmund


Innate Abilities, Weirdness & Mutations

You are partially covered in rugged brown scales. (AC +1, +3% HP)


Message History

It is a scroll of identify.
g - a potion of brilliance Natasha closely misses you.
Natasha mewls in sadness.
Natasha casts a spell.
Natasha attacks as you move away! Natasha closely misses you.
Found 16 gold pieces.
You see here a yellow potion.
Natasha attacks as you move away! Natasha barely misses you.
Natasha attacks as you move away! Natasha barely misses you.
Natasha attacks as you move away! Natasha claws you! Natasha claws you.
You see here 13 gold pieces.
Natasha attacks as you move away! Natasha claws you.
The crimson imp blinks!
Natasha barely misses you. The gnoll barely misses you.
Natasha attacks as you move away! Natasha completely misses you.
Natasha casts a spell.
Sigmund drinks a potion.
Sigmund's spells are empowered!
Natasha mumbles some strange words.
The white imp attacks as you move away! The white imp closely misses you.
The white imp attacks as you move away! The white imp misses you.
Found a scroll of identify.
Sigmund points at you and mumbles some strange words.
The magic dart hits you but does no damage.
The white imp gestures at you. The puff of frost hits you.
The shadow imp disappears in a puff of smoke!
Natasha stares at you and mumbles some strange words.
The magic dart hits you but does no damage.
The white imp gestures at you. The puff of frost hits you.
* * * LOW HITPOINT WARNING * * *
Natasha casts a spell.
Sigmund casts a spell.
Sigmund flickers and vanishes!
Deactivating autopickup; reactivate with Ctrl-A.
The gnoll hits you but does no damage. The white imp gestures at you.
The puff of frost hits you!
You die...

############
.......@...#
.###.#.....###
......g.?5h#
##.###..##.# #.B
..#...#.5#.## #w.!
...#...#.l..5#
#..#...#..###{g#.#
#..###..#...#..ยง#
#.w.#...#...#...#


You could see Natasha, a gnoll, 2 white imps, a hobgoblin and a frilled lizard.

Vanquished Creatures
  A gnoll (D:2)
  4 bats (D:1)
  An endoplasm (D:1)
  3 giant cockroaches (D:1)
  4 goblins (D:1)
  4 hobgoblins (D:1)
  4 jackals
  2 quokkas (D:1)
  A ball python (D:1)
  2 rats (D:1)
26 creatures vanquished.

Notes
Turn   | Place    | Note
-------+----------+-------------------------------------------
     0 | D:1      | Demosthentine the Demonspawn Gladiator began the quest for
                  | the Orb.
     0 | D:1      | Reached XP level 1. HP: 16/16 MP: 1/1
    96 | D:1      | Gained mutation: You are partially covered in rugged brown
                  | scales. (AC +1, +3% HP) [demonic ancestry]
    96 | D:1      | Reached XP level 2. HP: 9/22 MP: 2/2
   443 | D:1      | Reached skill level 1 in Armour
   535 | D:1      | Reached XP level 3. HP: 28/28 MP: 3/3
   883 | D:2      | Noticed Natasha
   887 | D:2      | Noticed Sigmund
   919 | D:2      | Killed from afar by a white imp

Illustrated notes

Levels and vault maps discovered:
D:1:      kennysheep_arrival_seaside, layout_basic
D:2:      cheibrodos_greedy_goblins, layout_rooms, grunt_decor_fettered,
          nicolae_titane, uniq_natasha, uniq_sigmund

Skill      XL: |  1  2 |
---------------+-------+-----
Polearms       | 3 |  3.1
Dodging        | 3 |  3.0
Armour         | 1 |  1.1
Fighting       | |  2.5
Throwing       | |  1.7

Action                     || total
---------------------------++-------
  Melee: Trident           ||   102
         Punch             ||     1
    Use: Scroll            ||     5
 Armour: Leather armour    ||    49
  Dodge: Dodged            ||    88

Table legend: (Time is in decaauts)
 A = Elapsed time spent in this place.
 B = Non-inter-level travel time spent in this place.
 C = Inter-level travel time spent in this place.
 D = Time resting spent in this place.
 E = Time spent auto-exploring this place.
 F = Levels seen in this place.
 G = Mean time per level.
                   A        B        C        D        E       F      G
               +--------+--------+--------+--------+--------+-----+--------+
         Total |    937 |    909 |     28 |      0 |    674 |   2 |  468.5 |
       Dungeon |    937 |    909 |     28 |      0 |    674 |   2 |  468.5 |
               +--------+--------+--------+--------+--------+-----+--------+

Top non-repeatable levels by time:
     D:1: 887 daAuts
     D:2: 50 daAuts
